TOP OF THE 1ST |
Philadelphia Phillies batting - Pitching for New York Mets : RHP Marc Maniu
|
Pitching: RHP Marc Maniu
|
|
Batting: LHB Eric Katz
|
0-0: Foul Ball, location: 2F 0-1: Ball 1-1: Called Strike 1-2: Strikes out swinging
|
Batting: RHB Tommie Eaton
|
0-0: Ball 1-0: Called Strike 1-1: DOUBLE (Line Drive, 9LS, EV 109.4 MPH)
|
Batting: SHB Lance Franklin
|
0-0: Foul Ball, location: 2F 0-1: Swinging Strike 0-2: Strikes out swinging
|
Batting: LHB Osamu Kubo
|
0-0: Foul Ball, location: 2F 0-1: Fly out, F7 (Flyball, 7, EV 85.0 MPH)
|
Top of the 1st over - 0 runs, 1 hit, 0 errors, 1 left on base; Philadelphia 0 - New York 0 |
BOTTOM OF THE 1ST |
New York Mets batting - Pitching for Philadelphia Phillies : RHP Matt Evans
|
Pitching: RHP Matt Evans
|
|
Batting: SHB Nelle van den Berg
|
0-0: Swinging Strike 0-1: Called Strike 0-2: Strikes out looking
|
Batting: LHB Kevin Bellman
|
0-0: Foul Ball, location: 2F 0-1: Ball 1-1: Ball 2-1: Ball 3-1: Called Strike 3-2: Strikes out swinging
|
Batting: SHB Gus Berry
|
0-0: Called Strike 0-1: Ground out 4-3 (Groundball, 4S, EV 71.9 MPH)
|
Bottom of the 1st over - 0 runs, 0 hits, 0 errors, 0 left on base; Philadelphia 0 - New York 0 |
TOP OF THE 2ND |
Philadelphia Phillies batting - Pitching for New York Mets : RHP Marc Maniu
|
Batting: LHB Ryan Trombley
|
0-0: Fly out, F6 (Popup, 6, EV 51.9 MPH)
|
Batting: SHB Pete Barutha
|
0-0: Called Strike 0-1: Ball 1-1: Ball 2-1: Ball 3-1: Called Strike 3-2: Foul Ball, location: 2F 3-2: Base on Balls
|
Batting: SHB Jean-François Bernard
|
0-0: Ball 1-0: Ball 2-0: Called Strike 2-1: Grounds into double play, 3-6-3 (Groundball, 3, EV 101.9 MPH)
|
Top of the 2nd over - 0 runs, 0 hits, 0 errors, 0 left on base; Philadelphia 0 - New York 0 |
BOTTOM OF THE 2ND |
New York Mets batting - Pitching for Philadelphia Phillies : RHP Matt Evans
|
Batting: SHB Harry Hoop
|
0-0: Called Strike 0-1: Called Strike 0-2: Strikes out swinging
|
Batting: RHB Jeff Jank
|
0-0: Ball 1-0: Fly out, F7 (Flyball, 7LS, EV 89.4 MPH)
|
Batting: SHB Jonathan Jenkins
|
0-0: Called Strike 0-1: Called Strike 0-2: Ball 1-2: Ball 2-2: Ball 3-2: Base on Balls
|
Batting: SHB Javy Rosa
|
0-0: Ball 1-0: Ball 2-0: Foul Ball, location: 2F 2-1: Ball 3-1: SINGLE (Groundball, 4M, EV 78.1 MPH) (infield hit) Jonathan Jenkins to second
|
Batting: RHB Drtian Thaqi
|
0-0: Fly out, F4 (Popup, 4S, EV 85.0 MPH)
|
Bottom of the 2nd over - 0 runs, 1 hit, 0 errors, 2 left on base; Philadelphia 0 - New York 0 |
TOP OF THE 3RD |
Philadelphia Phillies batting - Pitching for New York Mets : RHP Marc Maniu
|
Batting: RHB Josh Hensley
|
0-0: Fly out, F3 (Popup, 23F, EV 86.9 MPH)
|
Batting: RHB Mike Blair
|
0-0: Ball 1-0: SINGLE (Line Drive, 9S, EV 109.4 MPH)
|
Batting: LHB Eric Katz
|
0-0: Ball 1-0: Called Strike 1-1: Called Strike 1-2: DOUBLE (Line Drive, 8LXD, EV 97.5 MPH) Mike Blair to third
|
Batting: RHB Tommie Eaton
|
0-0: Ball 1-0: Foul Ball, location: 2F 1-1: Foul Ball, location: 2F 1-2: Strikes out swinging
|
Batting: SHB Lance Franklin
|
0-0: Ball 1-0: Foul Ball, location: 2F 1-1: Ball Wild Pitch! Mike Blair scores Eric Katz to third 2-1: SINGLE (Groundball, 4MD, EV 96.2 MPH) Eric Katz scores
|
Batting: LHB Osamu Kubo
|
0-0: Ball 1-0: Ball 2-0: Foul Ball, location: 2F 2-1: Fly out, F7 (Flyball, 7, EV 77.5 MPH)
|
Top of the 3rd over - 2 runs, 3 hits, 0 errors, 1 left on base; Philadelphia 2 - New York 0 |
BOTTOM OF THE 3RD |
New York Mets batting - Pitching for Philadelphia Phillies : RHP Matt Evans
|
Batting: LHB Sal Fernandez
|
0-0: Ball 1-0: Foul Ball, location: 2F 1-1: Ball 2-1: Foul Ball, location: 2F 2-2: Strikes out swinging
|
Batting: SHB Nelle van den Berg
|
0-0: Ball 1-0: Called Strike 1-1: Fly out, F8 (Flyball, 8RD, EV 91.2 MPH)
|
Batting: LHB Kevin Bellman
|
0-0: SINGLE (Groundball, 6MD, EV 95.6 MPH)
|
Batting: SHB Gus Berry
|
0-0: Ball 1-0: Ball 2-0: SINGLE (Groundball, 6MD, EV 109.4 MPH) Kevin Bellman to second
|
Batting: SHB Harry Hoop
|
0-0: Swinging Strike 0-1: Foul Ball, location: 2F 0-2: Ball 1-2: Foul Ball, location: 2F 1-2: Ball 2-2: Ground out 4-3 (Groundball, 4, EV 86.9 MPH)
|
Bottom of the 3rd over - 0 runs, 2 hits, 0 errors, 2 left on base; Philadelphia 2 - New York 0 |
TOP OF THE 4TH |
Philadelphia Phillies batting - Pitching for New York Mets : RHP Marc Maniu
|
Batting: LHB Ryan Trombley
|
0-0: Ball 1-0: DOUBLE (Line Drive, 9LS, EV 109.4 MPH)
|
Batting: SHB Pete Barutha
|
0-0: Ball 1-0: Called Strike 1-1: Ball 2-1: Foul Ball, location: 2F 2-2: Foul Ball, location: 2F 2-2: Ground out 4-3 (Groundball, 34D, EV 80.6 MPH) Ryan Trombley to third
|
Batting: SHB Jean-François Bernard
|
0-0: Fly out, F9 (Flyball, 89S, EV 76.9 MPH)
|
Batting: RHB Josh Hensley
|
0-0: Swinging Strike 0-1: Ground out 5-3 (Groundball, 5, EV 101.2 MPH)
|
Top of the 4th over - 0 runs, 1 hit, 0 errors, 1 left on base; Philadelphia 2 - New York 0 |
BOTTOM OF THE 4TH |
New York Mets batting - Pitching for Philadelphia Phillies : RHP Matt Evans
|
Batting: RHB Jeff Jank
|
0-0: Called Strike 0-1: Ball 1-1: Ground out 6-3 (Groundball, 6, EV 101.2 MPH)
|
Batting: SHB Jonathan Jenkins
|
0-0: Called Strike 0-1: Ball 1-1: Foul Ball, location: 2F 1-2: Fly out, F7 (Flyball, 7, EV 90.0 MPH)
|
Batting: SHB Javy Rosa
|
0-0: Foul Ball, location: 2F 0-1: Ball 1-1: Ball 2-1: Ball 3-1: Base on Balls
|
Batting: RHB Drtian Thaqi
|
0-0: Ball 1-0: Ball 2-0: Ground out 4-3 (Groundball, 34, EV 106.9 MPH)
|
Bottom of the 4th over - 0 runs, 0 hits, 0 errors, 1 left on base; Philadelphia 2 - New York 0 |
TOP OF THE 5TH |
Philadelphia Phillies batting - Pitching for New York Mets : RHP Marc Maniu
|
Batting: RHB Mike Blair
|
0-0: Fly out, F9 (Flyball, 9LSF, EV 78.8 MPH)
|
Batting: LHB Eric Katz
|
0-0: Called Strike 0-1: Ball 1-1: Swinging Strike 1-2: Ball 2-2: Fly out, F7 (Line Drive, 7S, EV 91.2 MPH)
|
Batting: RHB Tommie Eaton
|
0-0: Swinging Strike 0-1: Foul Ball, location: 2F 0-2: Ball 1-2: Foul Ball, location: 2F 1-2: Fly out, F9 (Flyball, 89S, EV 93.1 MPH)
|
Top of the 5th over - 0 runs, 0 hits, 0 errors, 0 left on base; Philadelphia 2 - New York 0 |
BOTTOM OF THE 5TH |
New York Mets batting - Pitching for Philadelphia Phillies : RHP Matt Evans
|
Batting: LHB Sal Fernandez
|
0-0: Ball 1-0: Foul Ball, location: 2F 1-1: Ball 2-1: Swinging Strike 2-2: Strikes out looking
|
Batting: SHB Nelle van den Berg
|
0-0: Ball 1-0: Ball 2-0: Called Strike 2-1: Called Strike 2-2: Ball 3-2: Foul Ball, location: 2F 3-2: Fly out, F9 (Flyball, 89S, EV 70.6 MPH)
|
Batting: LHB Kevin Bellman
|
0-0: Called Strike 0-1: Swinging Strike 0-2: Ball 1-2: Foul Ball, location: 2F 1-2: Ball 2-2: Strikes out looking
|
Bottom of the 5th over - 0 runs, 0 hits, 0 errors, 0 left on base; Philadelphia 2 - New York 0 |
TOP OF THE 6TH |
Philadelphia Phillies batting - Pitching for New York Mets : RHP Marc Maniu
|
Batting: SHB Lance Franklin
|
0-0: Ball 1-0: SINGLE (Line Drive, 8RS, EV 92.5 MPH)
|
Batting: LHB Osamu Kubo
|
0-0: Ball 1-0: Ball 2-0: Called Strike 2-1: Foul Ball, location: 2F 2-2: Strikes out swinging
|
Batting: LHB Ryan Trombley
|
0-0: Called Strike 0-1: SINGLE (Groundball, 13, EV 93.1 MPH) (infield hit) Lance Franklin to second
|
Batting: SHB Pete Barutha
|
0-0: Ball 1-0: Called Strike 1-1: Foul Ball, location: 2F 1-2: SINGLE (Line Drive, 3D, EV 99.4 MPH) Lance Franklin to third Ryan Trombley to second Runner from 3rd tries for Home, SAFE, throw by RF to home
|
Batting: SHB Jean-François Bernard
|
0-0: Ball 1-0: Called Strike 1-1: Grounds into double play, 4-6-3 (Groundball, 4, EV 78.1 MPH)
|
Top of the 6th over - 1 run, 3 hits, 0 errors, 1 left on base; Philadelphia 3 - New York 0 |
BOTTOM OF THE 6TH |
New York Mets batting - Pitching for Philadelphia Phillies : RHP Matt Evans
|
Batting: SHB Gus Berry
|
0-0: Foul Ball, location: 2F 0-1: Ground out 4-3 (Groundball, 4, EV 103.8 MPH)
|
Batting: SHB Harry Hoop
|
0-0: Ball 1-0: Ball 2-0: Called Strike 2-1: Ground out 5-3 (Groundball, 6, EV 101.2 MPH)
|
Batting: RHB Jeff Jank
|
0-0: Ball 1-0: Foul Ball, location: 2F 1-1: Ground out 6-3 (Groundball, 6, EV 80.6 MPH)
|
Bottom of the 6th over - 0 runs, 0 hits, 0 errors, 0 left on base; Philadelphia 3 - New York 0 |
TOP OF THE 7TH |
Philadelphia Phillies batting - Pitching for New York Mets : RHP Marc Maniu
|
Batting: RHB Josh Hensley
|
0-0: Called Strike 0-1: Called Strike 0-2: Fly out, F3 (Popup, 3F, EV 76.9 MPH)
|
Batting: RHB Mike Blair
|
0-0: Ball 1-0: Ball 2-0: Swinging Strike 2-1: Foul Ball, location: 2F 2-2: Ball 3-2: Strikes out looking
|
Batting: LHB Eric Katz
|
0-0: Foul Ball, location: 2F 0-1: Ball 1-1: Ground out 4-3 (Groundball, 4, EV 87.5 MPH)
|
Top of the 7th over - 0 runs, 0 hits, 0 errors, 0 left on base; Philadelphia 3 - New York 0 |
BOTTOM OF THE 7TH |
New York Mets batting - Pitching for Philadelphia Phillies : RHP Matt Evans
|
Batting: SHB Jonathan Jenkins
|
0-0: Called Strike 0-1: Ball 1-1: Called Strike 1-2: Ball 2-2: Foul Ball, location: 2F 2-2: Ground out 4-3 (Groundball, 4, EV 105.6 MPH)
|
Batting: SHB Javy Rosa
|
0-0: Fly out, F3 (Line Drive, 34, EV 105.0 MPH)
|
Batting: RHB Drtian Thaqi
|
0-0: Ball 1-0: Ball 2-0: Ball 3-0: Base on Balls
|
Batting: LHB Sal Fernandez
|
0-0: Swinging Strike 0-1: Called Strike 0-2: Ball 1-2: Ground out 4-3 (Groundball, 4, EV 106.9 MPH)
|
Bottom of the 7th over - 0 runs, 0 hits, 0 errors, 1 left on base; Philadelphia 3 - New York 0 |
TOP OF THE 8TH |
Philadelphia Phillies batting - Pitching for New York Mets : RHP Marc Maniu
|
Batting: RHB Tommie Eaton
|
0-0: Ball 1-0: Ball 2-0: Ground out 6-3 (Groundball, 6, EV 89.4 MPH)
|
Pitching: RHP Justin Overlie
|
|
Batting: SHB Lance Franklin
|
0-0: Foul Ball, location: 2F 0-1: Foul Ball, location: 2F 0-2: Ball 1-2: Foul Ball, location: 2F 1-2: Foul Ball, location: 2F 1-2: Strikes out looking
|
Batting: LHB Osamu Kubo
|
0-0: Ball 1-0: Swinging Strike 1-1: Foul Ball, location: 2F 1-2: Ball 2-2: Ball 3-2: SINGLE (Groundball, 4M, EV 108.8 MPH) (infield hit)
|
Batting: LHB Ryan Trombley
|
0-0: Ball 1-0: Foul Ball, location: 2F 1-1: Called Strike 1-2: SINGLE (Line Drive, 7S, EV 95.0 MPH) Osamu Kubo to second Runner from 2nd tries for 3rd, SAFE, throw by LF made to third
|
Batting: SHB Pete Barutha
|
0-0: Ball 1-0: Ball 2-0: Called Strike 2-1: Foul Ball, location: 2F 2-2: Strikes out swinging
|
Top of the 8th over - 0 runs, 2 hits, 0 errors, 2 left on base; Philadelphia 3 - New York 0 |
BOTTOM OF THE 8TH |
New York Mets batting - Pitching for Philadelphia Phillies : RHP Matt Evans
|
Pitching: RHP Brian Thomas
|
|
Batting: SHB Nelle van den Berg
|
0-0: Ball 1-0: Called Strike 1-1: Foul Ball, location: 2F 1-2: Strikes out swinging
|
Batting: LHB Kevin Bellman
|
0-0: Ball 1-0: Foul Ball, location: 2F 1-1: Ball 2-1: Reached on error, E4 (Groundball, 4M, EV 81.9 MPH)
|
Batting: SHB Gus Berry
|
0-0: Ball 1-0: Grounds into double play, U6-3 (Groundball, 4M, EV 105.0 MPH)
|
Bottom of the 8th over - 0 runs, 0 hits, 1 error, 0 left on base; Philadelphia 3 - New York 0 |
TOP OF THE 9TH |
Philadelphia Phillies batting - Pitching for New York Mets : RHP Justin Overlie
|
Batting: SHB Jean-François Bernard
|
0-0: Ball 1-0: SINGLE (Groundball, 4MD, EV 105.6 MPH)
|
Batting: RHB Josh Hensley
|
0-0: Foul Ball, location: 2F 0-1: Swinging Strike 0-2: Strikes out swinging
|
Batting: RHB Mike Blair
|
0-0: Ball 1-0: Ball 2-0: Called Strike 2-1: Foul Ball, location: 2F 2-2: Foul Ball, location: 2F 2-2: Fly out, F9 (Flyball, 9S, EV 91.9 MPH)
|
Batting: LHB Eric Katz
|
0-0: Ball 1-0: Called Strike 1-1: Fielders Choice at 2nd, U6 (Groundball, 6M, EV 105.0 MPH)
|
Top of the 9th over - 0 runs, 1 hit, 0 errors, 1 left on base; Philadelphia 3 - New York 0 |
BOTTOM OF THE 9TH |
New York Mets batting - Pitching for Philadelphia Phillies : RHP Brian Thomas
|
Pitching: RHP Josh Cornishen
|
|
Batting: SHB Harry Hoop
|
0-0: Fly out, F9 (Line Drive, 89M, EV 112.5 MPH)
|
Pinch Hitting: SHB Sean Cook
|
0-0: Ball 1-0: Called Strike 1-1: Swinging Strike 1-2: Foul Ball, location: 2F 1-2: Ball 2-2: Ball 3-2: Strikes out looking
|
Batting: SHB Jonathan Jenkins
|
0-0: Ball 1-0: Ball 2-0: Foul Ball, location: 2F 2-1: Called Strike 2-2: Ball 3-2: Foul Ball, location: 2F 3-2: SOLO HOME RUN (Flyball, 9D, EV 100.0 MPH), Distance : 388 ft
|
Batting: SHB Javy Rosa
|
0-0: Foul Ball, location: 2F 0-1: Ground out U3 (Groundball, 34S, EV 93.1 MPH)
|
Bottom of the 9th over - 1 run, 1 hit, 0 errors, 0 left on base; Philadelphia 3 - New York 1 |
|